 Dungeon Crawl Stone Soup version 0.29-a0-284-gf9362112df (webtiles) character file.

Game seed: 18440853246039535379

100 cheechan the Gusty (level 4, -8/27 HPs)
             Began as an Octopode Air Elementalist on Mar 30, 2022.
             Was an Initiate of Okawaru.
             Killed by divine providence
             ... invoked by an orc priest
              (12 damage)
             ... on level 3 of the Dungeon.
             The game lasted 00:08:47 (2935 turns).

cheechan the Gusty (Octopode Air Elementalist)      Turns: 2935, Time: 00:08:48

Health: -8/27      AC:  1    Str:  7    XL:     4   Next: 73%
Magic:  2/8        EV: 13    Int: 17    God:    Okawaru [......]
Gold:   161        SH:  0    Dex: 17    Spells: 4/8 levels left

rFire   . . .      SeeInvis .   q - +4 short sword "Tesya" {chaos, *Noise rElec rPois Dex+3}
rCold   . . .      Faith    .   (no shield)
rNeg    . . .      Spirit   .   (helmet restricted)
rPois   +          Reflect  .   (no amulet)
rElec   +          Harm     .   (no ring)
rCorr   .          Rampage  .   (no ring)
Will    .....                   (no ring)
Stlth   ++++......              (no ring)
HPRegen 0.09/turn               (no ring)
MPRegen 0.11/turn               (no ring)
                                (no ring)
                                (no ring)

@: no status effects
A: almost no armour, amphibious, 8 rings, camouflage 1, gelatinous body 1,
(nimble swimmer 1), tentacles
a: Renounce Religion


You were on level 3 of the Dungeon.
You worshipped Okawaru.
Okawaru was noncommittal.
You visited 1 branch of the dungeon, and saw 3 of its levels.

You collected 161 gold pieces.

Inventory:

Hand Weapons
 n - a +2 dagger of venom
 p - the +10 short sword of Ashenzari's Whim {antimagic, rCorr Str+2 Int-4}
   (You found it on level 2 of the Dungeon)

   It reduces the magical energy of the wielder, and disrupts the spells and
   magical abilities of those it strikes.
   Natural abilities and divine invocations are not affected.
   Str:       It affects your strength (+2).
   Int:       It affects your intelligence (-4).
   rCorr:     It protects you from acid and corrosion.
 q - the +4 short sword "Tesya" (weapon) {chaos, *Noise rElec rPois Dex+3}
   (You found it on level 3 of the Dungeon)

   Each time it hits an enemy it has a different, random effect.
   Dex:       It affects your dexterity (+3).
   rElec:     It insulates you from electricity.
   rPois:     It protects you from poison.
   *Noise:    It may make noises in combat.
Missiles
 b - 60 stones
 h - 5 javelins (quivered)
Scrolls
 e - 2 scrolls of immolation {unknown}
 i - 2 scrolls of identify {unknown}
 k - 2 scrolls of teleportation {unknown}
 m - a scroll of brand weapon {unknown}
 o - a scroll of blinking {unknown}
 r - a scroll of amnesia {unknown}
Potions
 a - a potion of magic
 c - a potion of degeneration {unknown}
 d - a potion of brilliance {unknown}
 f - a potion of heal wounds {unknown}
 g - a potion of berserk rage {unknown}
 j - a potion of curing {unknown}
 l - a potion of haste {unknown}


   Skills:
 + Level 2.3 Dodging
 + Level 3.5 Stealth
 + Level 0.7 Unarmed Combat
 + Level 2.7 Spellcasting
 + Level 2.0 Conjurations
 + Level 3.8 Air Magic


You had 4 spell levels left.
You knew the following spells:

 Your Spells              Type           Power      Damage    Failure   Level
a - Shock                 Conj/Air       48%        1d6       5%          1
b - Static Discharge      Conj/Air       12%        N/A       9%          2
c - Freeze                Ice            8%         1d3       19%         1

Your spell library contained the following spells:

 Spells                   Type           Power      Damage    Failure   Level
 Swiftness                Air            15%        N/A       12%         3
 Airstrike                Air            7%         N/A       36%         4
 Frozen Ramparts          Ice            4%         1d2       47%         3
 Hailstorm                Conj/Ice       5%         3d4       75%         4


Dungeon Overview and Level Annotations

Branches:
Dungeon (3/15)

Altars:
Okawaru

Annotations:
D:3 Grinder


Innate Abilities, Weirdness & Mutations

You cannot wear most types of armour.
You are amphibious.
You can wear up to eight rings at the same time.
Your skin changes colour to match your surroundings (Stealth+).
Your rubbery body absorbs attacks. (AC +1, EV +1)
((You are camouflaged when in or above water. (Stealth+)))
You have tentacles for arms and can constrict up to eight enemies at once.


Message History

The zap hits the orc priest.
The orc priest is moderately wounded.
The orc hits you with a +0 hand axe.
Casting: Shock (safe; 5% risk of failure)
Confirm with . or Enter, or press ? or * to list all spells.
Aiming: Shock (safe; 5% risk of failure)
Press: ? - help, Shift-Dir - straight line, f/p - orc priest
Aim: an orc priest, wielding a +0 short sword (moderately wounded, 68% to hit)
The zap hits the orc.
You kill the orc!
Okawaru accepts your kill.
The zap hits the goblin.
You kill the goblin!
Okawaru accepts your kill.
The zap hits the orc priest.
The orc priest is heavily wounded.
The adder closely misses you.
Casting: Shock (safe; 5% risk of failure)
Confirm with . or Enter, or press ? or * to list all spells.
Aiming: Shock (safe; 5% risk of failure)
Press: ? - help, Shift-Dir - straight line, f/p - orc priest
Aim: an orc priest, wielding a +0 short sword (heavily wounded, 68% to hit)
The zap misses the adder.
The zap hits the orc priest.
The orc priest is heavily wounded.
The orc priest calls down the wrath of Beogh upon you.
Beogh smites you!
* * * LOW HITPOINT WARNING * * *
The adder misses you.
Okay, then.
Okay, then.
Casting: Shock (safe; 5% risk of failure)
Confirm with . or Enter, or press ? or * to list all spells.
Aiming: Shock (safe; 5% risk of failure)
Press: ? - help, Shift-Dir - straight line, f/p - orc priest
Aim: an orc priest, wielding a +0 short sword (heavily wounded, 68% to hit)
The zap misses the adder.
The zap hits the orc priest.
The orc priest is almost dead.
The orc priest invokes the aid of Beogh against you.
Beogh smites you!
You die...

########...........#
...................#
########.......†...#
...................#
#######.##########.# #
#.....####### ... #
#............ .... #
#)...#################### #
#....# #.....@S)))o.....
###....####.######.........
............# #.........
###....###..# #.........
#....# #..# #.........
###### #..# ########## #..#
#..## #... #


You could see an orc priest and an adder.

Vanquished Creatures
  Terence (D:3)
  An adder (D:2)
  A worm (D:3)
  A dart slug (D:2)
  5 orcs (D:3)
  2 bats (D:2)
  8 endoplasms
  2 giant cockroaches
  5 hobgoblins
  3 jackals (D:3)
  3 ball pythons
  5 frilled lizards
  8 goblins
  5 kobolds
  2 rats (D:1)
52 creatures vanquished.

Vanquished Creatures (others)
  5 toadstools (D:1)
5 creatures vanquished.

Grand Total: 57 creatures vanquished

Notes
Turn   | Place    | Note
-------+----------+-------------------------------------------
     0 | D:1      | cheechan the Octopode Air Elementalist began the quest for
                  | the Orb.
     0 | D:1      | Reached XP level 1. HP: 11/11 MP: 3/3
   175 | D:1      | Reached XP level 2. HP: 15/17 MP: 1/5
   272 | D:1      | Learned a level 2 spell: Static Discharge
   439 | D:1      | Learned a level 1 spell: Freeze
   732 | D:2      | Identified the +0 pair of boots of Boixul {+Blink rN++}
   796 | D:2      | Reached XP level 3. HP: 21/21 MP: 0/6
   832 | D:2      | HP: 1/21 [poisoned by an adder]
  1230 | D:2      | Found a faded altar of an unknown god.
  1674 | D:2      | Found an iron altar of Okawaru.
  1683 | D:2      | Became a worshipper of Warmaster Okawaru
  1713 | D:2      | Identified the +10 short sword of Ashenzari's Whim
                  | {antimagic, rCorr Str+2 Int-4}
  2127 | D:3      | Noticed Terence
  2137 | D:3      | Killed Terence
  2138 | D:3      | Reached XP level 4. HP: 4/27 MP: 7/7
  2231 | D:3      | Noticed Grinder
  2510 | D:3      | Identified the +4 short sword "Tesya" {chaos, *Noise rElec
                  | rPois Dex+3}
  2935 | D:3      | Killed from afar by an orc priest

Illustrated notes

Levels and vault maps discovered:
D:1:      ldierk_walled_garden, layout_loops_ring, minmay_split_cup_small
D:2:      layout_basic, shapermc_ecumenical_altar_notcrosses, basic_altar,
          kennysheep_generic_room_12
D:3:      layout_basic, uniq_grinder, uniq_terence

Skill      XL: |  1  2  3  4 |
---------------+-------------+-----
Stealth        | 3 |  3.5
Conjurations   | 2 |  2.0
Dodging        | |  2.3
Unarmed Combat | |  0.7
Spellcasting   | |  2.7
Air Magic      | |  3.8

Action                   |  1- 3 |  4- 6 || total
-------------------------+-------+-------++-------
Melee: Unarmed           |    22 |       ||    22
       Constrict         |     8 |     5 ||    13
       Tentacles         |     7 |     4 ||    11
       Mace              |    12 |       ||    12
       Short sword       |       |     9 ||     9
       Hand axe          |       |     3 ||     3
       Dagger            |       |     2 ||     2
       Punch             |       |     1 ||     1
 Cast: Shock             |    49 |    26 ||    75
 Stab: Sleeping          |     1 |       ||     1
Armor: Skin              |     2 |       ||     2
Dodge: Dodged            |    25 |    10 ||    35

Table legend: (Time is in decaauts)
 A = Elapsed time spent in this place.
 B = Non-inter-level travel time spent in this place.
 C = Inter-level travel time spent in this place.
 D = Time resting spent in this place.
 E = Time spent auto-exploring this place.
 F = Levels seen in this place.
 G = Mean time per level.
                   A        B        C        D        E       F      G
               +--------+--------+--------+--------+--------+-----+--------+
         Total |   2938 |   2938 |      0 |    624 |      0 |   3 |  979.3 |
       Dungeon |   2938 |   2938 |      0 |    624 |      0 |   3 |  979.3 |
               +--------+--------+--------+--------+--------+-----+--------+

Top non-repeatable levels by time:
     D:2: 1392 daAuts
     D:3: 835 daAuts
     D:1: 710 daAuts
